 Dungeon Crawl Stone Soup version 0.30-a0-881-g1ff12e1e11 (webtiles) character file.

Game seed: 16346784526620189076

18 cforsyth the Firebug (level 2, -1/24 HPs)
             Began as an Ogre Fire Elementalist on Mar 14, 2023.
             Slain by a goblin
             ... wielding a +4 dagger of protection
              (4 damage)
             ... on level 1 of the Dungeon.
             The game lasted 00:01:19 (987 turns).

cforsyth the Firebug (Ogre Fire Elementalist)        Turns: 987, Time: 00:01:19

Health: -1/24      AC:  3    Str: 11    XL:     2   Next: 70%
Magic:  3/5        EV: 10    Int: 16    God:
Gold:   17         SH:  0    Dex:  9    Spells: 5/6 levels left

rFire   . . .      SeeInvis .    (no weapon)
rCold   . . .      Faith    .    (no shield)
rNeg    . . .      Spirit   .    a - +0 robe
rPois   .          Reflect  .    (helmet restricted)
rElec   .          Rampage  .    (no cloak)
rCorr   .                        (gloves unavailable)
Will    .....                    (boots unavailable)
Stlth   ++                       (no amulet)
HPRegen 0.24/turn                (no ring)
MPRegen 0.09/turn                (no ring)

@: no status effects
A: large, unfitting armour, tough skin 1
a: no special abilities


You were on level 1 of the Dungeon.
You visited 1 branch of the dungeon, and saw 1 of its levels.

You collected 17 gold pieces.

Inventory:

Armour
 a - a +0 robe (worn)
Scrolls
 c - a scroll of identify {unknown}
 d - a scroll of fear {unknown}
 f - a scroll of teleportation {unknown}
 g - a scroll of torment {unknown}
Potions
 b - a potion of magic
 e - a potion of mutation {unknown}
 h - a potion of haste {unknown}


   Skills:
 + Level 2.0 Dodging
 + Level 1.6 Stealth
 + Level 2.7 Spellcasting
 + Level 1.2 Conjurations
 + Level 2.9 Fire Magic


You had 5 spell levels left.
You knew the following spells:

 Your Spells              Type           Power      Damage    Failure   Level
a - Foxfire               Conj/Fire      32%        2x1d5     9%          1

Your spell library contained the following spells:

 Spells                   Type           Power      Damage    Failure   Level
 Scorch                   Fire           22%        2d6       9%          2
 Inner Flame              Hex/Fire       6%         N/A       32%         3
 Kindle Blastsparks       Fire/Tloc/Air  10%        2d10      36%         3
 Flame Wave               Conj/Fire      8%         2d5       63%         4


Dungeon Overview and Level Annotations

Branches:
Dungeon (1/15)

Altars:


Innate Abilities, Weirdness & Mutations

You are too large for most types of armour.
You have tough skin. (AC +1)


Message History

The hobgoblin is severely wounded.
You closely miss the goblin. The goblin barely misses you.
There is not enough space to conjure foxfire!
You hit the goblin but do no damage.
The hobgoblin hits you but does no damage.
The goblin hits you with a +4 dagger of protection.
You closely miss the hobgoblin.
The hobgoblin is severely wounded.
The hobgoblin hits you.
The goblin hits you with a +4 dagger of protection.
You closely miss the hobgoblin.
The hobgoblin is severely wounded.
The hobgoblin closely misses you. The goblin barely misses you.
There is not enough space to conjure foxfire!
You barely miss the hobgoblin.
The hobgoblin is severely wounded.
The hobgoblin hits you but does no damage.
The goblin hits you with a +4 dagger of protection.
You barely miss the hobgoblin.
The hobgoblin is severely wounded.
The hobgoblin hits you but does no damage.
The goblin hits you with a +4 dagger of protection.
You closely miss the hobgoblin.
The hobgoblin is severely wounded.
The hobgoblin barely misses you.
The goblin hits you with a +4 dagger of protection!
* * * LOW HITPOINT WARNING * * *
You barely miss the hobgoblin.
The hobgoblin is severely wounded.
The hobgoblin barely misses you.
The goblin hits you with a +4 dagger of protection.
* * * LOW HITPOINT WARNING * * *
You closely miss the hobgoblin.
The hobgoblin is severely wounded.
The hobgoblin hits you but does no damage.
The goblin hits you but does no damage. The hobgoblin hits you.
* * * LOW HITPOINT WARNING * * *
The goblin hits you with a +4 dagger of protection.
You die...

#ยง..........##....
#.#.....##.###....
#.#............#..
#.########.##....#
#.# #.##..... #.#
#........ #)#
#####..## #.#.###g#
#.... #....gg@#
#.#.. ....#####
#.... #. #....
#.... #..#
#####.... #..#
#........ #..#
#.#####.. #..# #.#
###.# #..# #.#
#....


You could see a hobgoblin and 2 goblins.

Vanquished Creatures
  5 endoplasms (D:1)
  A goblin (D:1)
  A hobgoblin (D:1)
  4 quokkas (D:1)
  3 bats (D:1)
  A kobold (D:1)
15 creatures vanquished.

Vanquished Creatures (others)
  75 foxfires (D:1)
75 creatures vanquished.

Grand Total: 90 creatures vanquished

Notes
Turn   | Place    | Note
-------+----------+-------------------------------------------
     0 | D:1      | cforsyth the Ogre Fire Elementalist began the quest for the
                  | Orb.
     0 | D:1      | Reached XP level 1. HP: 16/16 MP: 3/3
    42 | D:1      | Reached skill level 1 in Conjurations
   196 | D:1      | Reached XP level 2. HP: 24/24 MP: 1/5
   987 | D:1      | Slain by a goblin

Illustrated notes

Levels and vault maps discovered:
D:1:      lemuel_arrival_funnel, layout_loops_ring

Skill      XL: |  1  2 |
---------------+-------+-----
Conjurations   | 1 |  1.2
Dodging        | 2 |  2.0
Stealth        | |  1.6
Spellcasting   | |  2.7
Fire Magic     | |  2.9

Action                     || total
---------------------------++-------
  Melee: Unarmed           ||    23
   Cast: Foxfire           ||    44
 Armour: Robe              ||    10
  Dodge: Dodged            ||    12

Table legend: (Time is in decaauts)
 A = Elapsed time spent in this place.
 B = Non-inter-level travel time spent in this place.
 C = Inter-level travel time spent in this place.
 D = Time resting spent in this place.
 E = Time spent auto-exploring this place.
 F = Levels seen in this place.
 G = Mean time per level.
                   A        B        C        D        E       F      G
               +--------+--------+--------+--------+--------+-----+--------+
         Total |    987 |    987 |      0 |    176 |    664 |   1 |  987.0 |
       Dungeon |    987 |    987 |      0 |    176 |    664 |   1 |  987.0 |
               +--------+--------+--------+--------+--------+-----+--------+

Top non-repeatable levels by time:
     D:1: 987 daAuts
